[Event "XII Cracow ICC-B 2024"]
[Site "Krakow"]
[Date "2024.06.23"]
[Round "3.1"]
[White "Padalka, Artem"]
[Black "Nun, Grzegorz"]
[Result "0-1"]
[ECO "D13"]
[WhiteElo "2177"]
[BlackElo "1921"]
[Annotator "RC"]
[PlyCount "90"]
[EventDate "2024.06.20"]
[EventType "swiss"]
[EventCountry "POL"]
[SourceTitle "playchess.com"]
[Source "ChessBase"]
[SourceQuality "1"]
[TimeControl "40/5400+30:1800+30"]

1. d4 Nf6 2. Nf3 c5 3. c3 cxd4 4. cxd4 d5 5. Nc3 g6 6. Bf4 Bg7 7. e3 O-O 8. Be2 Nc6 9. Ne5 Be6 10. O-O Nxe5 11. Bxe5 Nd7 12. Bf4 Qb6 13. Bf3 Nf6 14. Na4 Qd8 15. Nc5 Bc8 16. Qa4 Nd7 17. Rac1 e5 18. dxe5 Nxe5 19. Bxe5 Bxe5 20. Qb3 d4 21. Rfd1 Qh4 22. g3 Qf6 23. e4 b6 24. Na4 Be6 25. Qd3 Bxa2 26. Bg2 g5 27. h4 h6 28. hxg5 hxg5 29. Bh3 Be6 30. Rc6 Rac8 31. Rdc1 Rxc6 32. Rxc6 Qe7 33. Bxe6 fxe6 34. Qc4 Kf7 35. b4 Qf6 36. Nb2 Kg7 37. Nd3 Bxg3 38. Rxe6 Bxf2+ 39. Kf1 Qf3 40. Qc7+ Rf7 41. Rg6+ Kh7 42. Qxf7+ Qxf7 43. Rxg5 Be3+ 44. Rf5 Qc4 45. Ke2 Qc2+ 0-1

[Event "XII Cracow ICC-B 2024"]
[Site "Krakow"]
[Date "2024.06.23"]
[Round "3.2"]
[White "Botez, Andrea"]
[Black "Klimaszewski, Dariusz"]
[Result "0-1"]
[ECO "B07"]
[WhiteElo "1906"]
[BlackElo "2152"]
[Annotator "RC"]
[PlyCount "82"]
[EventDate "2024.06.20"]
[EventType "swiss"]
[EventCountry "POL"]
[SourceTitle "playchess.com"]
[Source "ChessBase"]
[SourceQuality "1"]
[TimeControl "40/5400+30:1800+30"]

1. d4 Nf6 2. Nc3 g6 3. e4 d6 4. Be3 Bg7 5. Qd2 O-O 6. O-O-O a6 7. f3 b5 8. Bh6 Nbd7 9. Bxg7 Kxg7 10. e5 Ng8 11. h4 e6 12. h5 d5 13. hxg6 fxg6 14. Nh3 Re8 15. Ng5 h6 16. Nxe6+ Rxe6 17. Nxd5 Nf8 18. Nc3 c5 19. Qe3 cxd4 20. Rxd4 Qc7 21. f4 Bb7 22. Rh2 Qc5 23. Ne4 Bxe4 24. Qxe4 Ne7 25. g4 Rc8 26. Rhd2 g5 27. b4 Qc3 28. Kb1 gxf4 29. Qxf4 Nfg6 30. Qf2 Rf8 31. Qe1 Rxe5 32. Qc1 Nf4 33. a3 Ned5 34. Ka2 Rfe8 35. Rd1 Re1 36. Qb2 Qxb2+ 37. Kxb2 Rxd1 38. Rxd1 Ne3 39. Rd7+ Kf6 40. Rd6+ Re6 41. Rxe6+ Kxe6 0-1

[Event "XII Cracow ICC-B 2024"]
[Site "Krakow"]
[Date "2024.06.23"]
[Round "3.3"]
[White "Sypien, Natan"]
[Black "Gbyl, Andrzej"]
[Result "0-1"]
[ECO "B19"]
[WhiteElo "1923"]
[BlackElo "2152"]
[Annotator "RC"]
[PlyCount "120"]
[EventDate "2024.06.20"]
[EventType "swiss"]
[EventCountry "POL"]
[SourceTitle "playchess.com"]
[Source "ChessBase"]
[SourceQuality "1"]
[TimeControl "40/5400+30:1800+30"]

1. e4 c6 2. d4 d5 3. Nc3 dxe4 4. Nxe4 Bf5 5. Ng3 Bg6 6. h4 h6 7. Nf3 Nd7 8. h5 Bh7 9. Bd3 Bxd3 10. Qxd3 e6 11. Bd2 Ngf6 12. O-O-O Be7 13. Kb1 O-O 14. Ne4 c5 15. g4 Nxg4 16. Qe2 Qb6 17. Ne5 Ndxe5 18. dxe5 f5 19. exf6 Nxf6 20. Nxf6+ Bxf6 21. b3 Bd4 22. Qg4 Kh8 23. Rhg1 Qc7 24. Qxe6 Rxf2 25. Rg6 Qf7 26. c3 Qxe6 27. Rxe6 Bf6 28. Be1 Rf5 29. Rd7 b6 30. Bd2 Rxh5 31. a4 Rh3 32. Kc2 h5 33. Be3 h4 34. a5 Rg3 35. Re4 Rg2+ 36. Rd2 Rxd2+ 37. Bxd2 Kg8 38. axb6 axb6 39. Kd3 b5 40. Re6 Rd8+ 41. Kc2 Rd5 42. c4 bxc4 43. bxc4 Rf5 44. Kd3 h3 45. Re1 Rf2 46. Rg1 Bd4 47. Rh1 h2 48. Be1 Rf1 49. Rxf1 Bg1 50. Bf2 Bxf2 51. Rh1 Bg1 52. Ke4 Kf7 53. Kf5 g6+ 54. Ke5 Ke7 55. Ke4 Ke6 56. Kf4 Kf6 57. Kg4 g5 58. Kg3 Ke5 59. Kh3 Kd4 60. Rxg1 hxg1=R 0-1

[Event "XII Cracow ICC-B 2024"]
[Site "Krakow"]
[Date "2024.06.23"]
[Round "3.4"]
[White "Botez, Alexandra"]
[Black "Ciupka, Kamil"]
[Result "1-0"]
[ECO "E85"]
[WhiteElo "2011"]
[BlackElo "1806"]
[Annotator "RC"]
[PlyCount "155"]
[EventDate "2024.06.20"]
[EventType "swiss"]
[EventCountry "POL"]
[SourceTitle "playchess.com"]
[Source "ChessBase"]
[SourceQuality "1"]
[TimeControl "40/5400+30:1800+30"]

1. d4 Nf6 2. c4 g6 3. f3 Bg7 4. e4 d6 5. Nc3 O-O 6. Be3 e5 7. Nge2 exd4 8. Nxd4 Nc6 9. Be2 Nxd4 10. Bxd4 Be6 11. O-O Nd7 12. Nd5 Bxd5 13. Bxg7 Kxg7 14. Qxd5 b6 15. b3 Qe7 16. Rfe1 Qe5 17. Rad1 Nf6 18. Qd2 a5 19. Bf1 Qc5+ 20. Kh1 Rfe8 21. g3 Re7 22. Ra1 Rae8 23. a3 Nd7 24. b4 Qh5 25. Bg2 Kg8 26. Qc3 axb4 27. axb4 Ne5 28. c5 dxc5 29. bxc5 Nd7 30. cxb6 cxb6 31. f4 Qc5 32. Qb3 Qc7 33. e5 Nc5 34. Qb5 Rd8 35. Rec1 Rd2 36. Rab1 Red7 37. Qc6 Qd8 38. Rf1 Nd3 39. e6 Rd6 40. exf7+ Kxf7 41. Qc4+ Kf8 42. Qc3 Nf2+ 43. Kg1 Ng4 44. Qh8+ Kf7 45. Qxh7+ Kf8 46. Qh8+ Kf7 47. Qxd8 Rxd8 48. Rfe1 R8d6 49. h3 Nf6 50. Bf1 Rc2 51. Rb3 Nh5 52. Rbe3 Rc7 53. Kf2 Rd2+ 54. Kf3 Nf6 55. Rb3 Rcc2 56. Re2 Rxe2 57. Bxe2 Nd5 58. Bd3 Rc3 59. Rxc3 Nxc3 60. Kg4 Nd1 61. Kg5 Nf2 62. Bxg6+ Kg7 63. Bf5 b5 64. h4 b4 65. h5 b3 66. h6+ Kh8 67. Bb1 Nh1 68. g4 Nf2 69. f5 Nh3+ 70. Kh4 Nf4 71. f6 Ne6 72. g5 b2 73. Kg4 Nf8 74. Kf5 Nd7 75. g6 Nxf6 76. Kxf6 Kg8 77. h7+ Kh8 78. g7# 1-0

[Event "XII Cracow ICC-B 2024"]
[Site "Krakow"]
[Date "2024.06.23"]
[Round "3.5"]
[White "Zalega, Maciej"]
[Black "Rainer, Piotr"]
[Result "1/2-1/2"]
[ECO "B90"]
[WhiteElo "2109"]
[BlackElo "1910"]
[Annotator "RC"]
[PlyCount "81"]
[EventDate "2024.06.20"]
[EventType "swiss"]
[EventCountry "POL"]
[SourceTitle "playchess.com"]
[Source "ChessBase"]
[SourceQuality "1"]
[TimeControl "40/5400+30:1800+30"]

1. e4 c5 2. Nf3 d6 3. d4 cxd4 4. Nxd4 Nf6 5. Nc3 a6 6. h4 e5 7. Nb3 Be7 8. Be2 Be6 9. f4 b5 10. f5 Bd7 11. a3 Bc6 12. Bf3 a5 13. Qe2 b4 14. axb4 axb4 15. Rxa8 Bxa8 16. Na2 O-O 17. O-O d5 18. Rd1 Qb6+ 19. Be3 d4 20. Bf2 Rc8 21. Nac1 Nbd7 22. g4 Nc5 23. Nxc5 Qxc5 24. Nd3 Qxc2 25. Rc1 Qxc1+ 26. Nxc1 Rxc1+ 27. Kg2 Bc6 28. g5 Ne8 29. Qd2 Rc4 30. Qd3 Nd6 31. Qb3 Rc5 32. g6 hxg6 33. fxg6 Kf8 34. h5 Be8 35. Be1 fxg6 36. Bxb4 Rb5 37. Qa3 Nc8 38. Bxe7+ Nxe7 39. Be2 Rb6 40. hxg6 Bxg6 41. Bd3 1/2-1/2

[Event "XII Cracow ICC-B 2024"]
[Site "Krakow"]
[Date "2024.06.23"]
[Round "3.6"]
[White "Przybylski, Bartosz"]
[Black "Trybus, Dominika"]
[Result "1-0"]
[ECO "B23"]
[WhiteElo "2085"]
[BlackElo "1893"]
[Annotator "RC"]
[PlyCount "109"]
[EventDate "2024.06.20"]
[EventType "swiss"]
[EventCountry "POL"]
[SourceTitle "playchess.com"]
[Source "ChessBase"]
[SourceQuality "1"]
[TimeControl "40/5400+30:1800+30"]

1. e4 c5 2. Nc3 e6 3. d4 cxd4 4. Qxd4 Nc6 5. Qd3 a6 6. Qg3 Nb4 7. Bd3 d6 8. Nge2 Nf6 9. a3 Nxd3+ 10. Qxd3 Be7 11. Bf4 O-O 12. O-O-O e5 13. Bg5 Ng4 14. Bxe7 Qxe7 15. Rdf1 Be6 16. f3 Nf6 17. g4 Rfd8 18. h4 b5 19. Nd5 Bxd5 20. exd5 e4 21. fxe4 Qxe4 22. Qxe4 Nxe4 23. Rf4 Re8 24. Rhf1 Ra7 25. Nd4 Nf6 26. Nf5 Nxd5 27. Rd4 Nb6 28. Nxd6 Rd7 29. Rxf7 Rxf7 30. Nxe8 Nc4 31. b3 Rf1+ 32. Rd1 Rxd1+ 33. Kxd1 Nxa3 34. Nc7 a5 35. Kc1 Kf7 36. Kb2 b4 37. c4 Kf6 38. Ne8+ Kf7 39. Nd6+ Ke6 40. Nb7 Kd7 41. Nxa5 Kc7 42. c5 g6 43. g5 Nb5 44. Kc2 Nd4+ 45. Kd3 Nf3 46. Kc4 Nxh4 47. Kxb4 Nf3 48. Kc4 Nxg5 49. b4 h5 50. b5 h4 51. b6+ Kb8 52. c6 h3 53. c7+ Kc8 54. Nc6 h2 55. Ne7+ 1-0

[Event "XII Cracow ICC-B 2024"]
[Site "Krakow"]
[Date "2024.06.23"]
[Round "3.7"]
[White "Mytych, Rafal"]
[Black "Skomial, Mateusz"]
[Result "1-0"]
[ECO "A14"]
[WhiteElo "1878"]
[BlackElo "2083"]
[Annotator "RC"]
[PlyCount "109"]
[EventDate "2024.06.20"]
[EventType "swiss"]
[EventCountry "POL"]
[SourceTitle "playchess.com"]
[Source "ChessBase"]
[SourceQuality "1"]
[TimeControl "40/5400+30:1800+30"]

1. Nf3 d5 2. g3 Nf6 3. Bg2 e6 4. O-O Be7 5. c4 O-O 6. d3 c5 7. Nc3 d4 8. Ne4 Nc6 9. Qc2 Nxe4 10. dxe4 e5 11. Ne1 Be6 12. f4 f6 13. b3 Rc8 14. Nd3 Qd6 15. Ba3 Nb4 16. Qd2 Nxd3 17. exd3 Qa6 18. Bb2 b5 19. f5 Bf7 20. Bf3 bxc4 21. bxc4 Rb8 22. Rfb1 Rb7 23. Bc1 Rfb8 24. Qc2 Be8 25. Rxb7 Rxb7 26. Bd1 Bd8 27. Bd2 Ba5 28. a3 Kf8 29. Kf1 Qb6 30. Ra2 Bc6 31. g4 h6 32. Ke2 Ke7 33. h4 Rb8 34. h5 Rb7 35. Ke1 Kd6 36. Ke2 Bd7 37. Ke1 Bxd2+ 38. Qxd2 Qb1 39. Ke2 Ba4 40. Bxa4 Qg1 41. Bc2 Qg2+ 42. Kd1 Qxg4+ 43. Kc1 Qxh5 44. Rb2 Rxb2 45. Kxb2 Qf7 46. Qa5 Qb7+ 47. Ka2 h5 48. Qd8+ Qd7 49. Qf8+ Qe7 50. Qh8 Qf7 51. Bd1 h4 52. Qxh4 g6 53. Qh8 gxf5 54. exf5 Kc7 55. Bf3 1-0